 Dungeon Crawl Stone Soup version 0.28.0-43-g3370ac3207 (webtiles) character file.

Game seed: 17329952497640661491

69 NinjaNoafa the Sneak (level 4, -3/27 HPs)
             Began as a Kobold Brigand on Apr 1, 2022.
             Slain by an adder (4 damage)
             ... on level 2 of the Dungeon.
             The game lasted 00:07:18 (1970 turns).

NinjaNoafa the Sneak (Kobold Brigand)               Turns: 1970, Time: 00:07:19

Health: -3/27      AC:  3    Str:  8    XL:     4   Next: 42%
Magic:  6/6        EV: 15    Int: 12    God:
Gold:   61         SH:  0    Dex: 18    Spells: 6/6 levels left

rFire   . . .      SeeInvis .   l - +1 dagger (freeze)
rCold   . . .      Faith    .   (no shield)
rNeg    . . .      Spirit   .   b - +0 robe
rPois   .          Reflect  .   (no helmet)
rElec   .          Harm     .   c - +0 cloak
rCorr   .          Rampage  .   (no gloves)
Will    .....                   (no boots)
Stlth   ++++......              (no amulet)
HPRegen 0.09/turn               (no ring)
MPRegen 0.10/turn               (no ring)

@: mighty, lethally poisoned (-3 -> -8)
A: small, no large weapons, nightstalker 3
a: no special abilities


You were on level 2 of the Dungeon.
You visited 1 branch of the dungeon, and saw 2 of its levels.

You collected 61 gold pieces.

Inventory:

Hand Weapons
 a - a +2 dagger
 h - a +2 short sword of speed
 j - a +2 dagger of holy wrath
 k - a +0 shortbow
 l - a +1 dagger of freezing (weapon)
 m - a +1 short sword of draining
Missiles
 d - 13 poisoned darts (quivered)
 e - 2 curare-tipped darts
 f - 103 stones
 r - 14 sling bullets
Armour
 b - a +0 robe (worn)
 c - a +0 cloak (worn)
Wands
 q - a wand of acid (2)
Scrolls
 o - a scroll of noise {unknown}
 p - 2 scrolls of teleportation {unknown}
Potions
 i - a potion of mutation {unknown}
 n - a potion of invisibility {unknown}


   Skills:
 + Level 2.6 Fighting
 + Level 3.4 Short Blades
 + Level 2.6 Throwing
 + Level 2.0 Dodging
 + Level 5.7 Stealth
 * Level 1.7 Spellcasting
 * Level 0.1 Necromancy


You had 6 spell levels left.
You didn't know any spells.
Your spell library contained the following spells:

 Spells                   Type           Power      Damage    Failure   Level
 Animate Skeleton         Necr           2%         N/A       26%         1
 Pain                     Necr           4%         1d4       26%         1
 Vampiric Draining        Necr           1%         2d6       63%         3


Dungeon Overview and Level Annotations

Branches:
Dungeon (2/15)

Altars:

Shops:
D:2 [


Innate Abilities, Weirdness & Mutations

You are small and have problems with some larger weapons.
You are completely attuned to the shadows.


Message History

The orc hits you with a +0 short sword. The adder barely misses you.
Your +2 dagger of holy wrath stops glowing.
Your +1 dagger of freezing glows with a cold blue light!
l - a +1 dagger of freezing (weapon)
The orc hits you with a +0 hand axe.
You barely miss the orc. The adder closely misses you.
The orc barely misses you. The orc misses you.
You hit the orc but do no damage. The adder misses you. The orc misses you.
The adder closely misses you.
You barely miss the orc. The orc misses you. The adder misses you.
The orc hits you with a +0 short sword.
* * * LOW HITPOINT WARNING * * *
You barely miss the orc. The orc barely misses you. The adder bites you.
* * * LOW HITPOINT WARNING * * *
Okay, then.
It was a potion of might.
You feel very mighty all of a sudden. The orc barely misses you.
The orc hits you but does no damage. The adder barely misses you.
You hit the orc. You freeze the orc.
You kill the orc!
The orc hits you but does no damage. The adder bites you but does no damage.
The orc misses you.
You hit the orc. You freeze the orc.
The orc is heavily wounded.
The adder misses you. The orc misses you.
You hit the orc. You freeze the orc.
You kill the orc!
The adder barely misses you.
You hit the adder.
The adder seems to slow down.
You freeze the adder.
The adder is heavily wounded.
The adder bites you.
* * * LOW HITPOINT WARNING * * *
You are lethally poisoned!
The adder poisons you!
You hit the adder. You freeze the adder.
The adder is almost dead.
* * * LOW HITPOINT WARNING * * *
You feel sick. The adder bites you.
You die...

####.......<...##
######†.#####.#.#
..............#.###
######............#
#
###.##.#..##.#####..
#. ............>#
#####.###.##.
#.###.# #@S...#
#))...# #.###...
...# ##### ####


You could see an adder (slow).

Vanquished Creatures
  A worm (D:2)
  3 dart slugs
  3 orcs (D:2)
  4 ball pythons
  3 endoplasms
  6 giant cockroaches
  8 goblins
  A hobgoblin (D:1)
  8 jackals
  2 bats (D:1)
  4 frilled lizards
  5 kobolds
48 creatures vanquished.

Notes
Turn   | Place    | Note
-------+----------+-------------------------------------------
     0 | D:1      | NinjaNoafa the Kobold Brigand began the quest for the Orb.
     0 | D:1      | Reached XP level 1. HP: 12/12 MP: 1/1
   124 | D:1      | Reached XP level 2. HP: 18/18 MP: 2/2
   612 | D:1      | Reached XP level 3. HP: 22/22 MP: 2/4
   685 | D:1      | Reached skill level 1 in Spellcasting
  1435 | D:2      | Reached XP level 4. HP: 24/26 MP: 6/6
  1670 | D:2      | Found Tiylaw's Antique Armour Emporium.
  1970 | D:2      | HP: 1/27 [poisoned by an adder]
  1970 | D:2      | Slain by an adder

Illustrated notes

Levels and vault maps discovered:
D:1:      psy_arrival_fountain, layout_basic, minmay_surrounded
D:2:      layout_loops_ring, serial_shops, nicolae_shop_trees

Skill      XL: |  1  2  3 |
---------------+----------+-----
Short Blades   | 3 |  3.4
Spellcasting   | 1 |  1.7
Dodging        | 2 |  2.0
Fighting       | |  2.6
Throwing       | |  2.6
Stealth        | |  5.7
Necromancy     | |  0.1

Action                   |  1- 3 |  4- 6 || total
-------------------------+-------+-------++-------
Melee: Dagger            |    31 |    18 ||    49
       Short sword       |    73 |    27 ||   100
Throw: Dart              |    10 |       ||    10
  Use: Scroll            |     1 |       ||     1
       Potion            |       |     1 ||     1
 Stab: Sleeping          |    11 |     5 ||    16
Armor: Robe              |    27 |     7 ||    34
Dodge: Dodged            |    66 |    45 ||   111
